 Dungeon Crawl Stone Soup version 0.30-a0-949-g53dc5368d7 (webtiles) character file.

Game seed: 8586568424160985834

168 lunkers the Digger (level 6, 0/45 HPs)
             Began as a Meteoran Earth Elementalist on Mar 28, 2023.
             Slain by Pikel
             ... wielding a +1 whip of flaming
              (1 damage)
             ... on level 4 of the Dungeon.
             The game lasted 00:03:20 (1060 turns).

lunkers the Digger (Meteoran Earth Elementalist)    Turns: 1060, Time: 00:03:20

Health: 0/45       AC:  3    Str: 11    XL:     6   Next: 6%
Magic:  9/13       EV: 12    Int: 21    God:
Gold:   75         SH:  0    Dex: 14    Spells: 12/13 levels left

rFire   . . .      SeeInvis .    (no weapon)
rCold   . . .      Faith    .    (no shield)
rNeg    . . .      Spirit   .    a - +0 robe
rPois   .          Reflect  .    i - +0 helmet {Int+3}
rElec   .          Rampage  .    (no cloak)
rCorr   .                        (no gloves)
Will    .....                    (no boots)
Stlth   +                        (no amulet)
HPRegen 0.27/turn                (no ring)
MPRegen 0.13/turn                (no ring)

@: glowing
A: sense surroundings 1, otherworldly, glowing, explore regen
a: no special abilities


You were on level 4 of the Dungeon.
You visited 1 branch of the dungeon, and saw 4 of its levels.

You collected 75 gold pieces.

Inventory:

Armour
 a - a +0 robe (worn)
 i - a +0 helmet of intelligence (worn)
Jewellery
 j - an amulet of magic regeneration
 l - the amulet of Uklimisa {rElec rPois Regen+ rCorr Dex-2}
   (You found it on level 2 of the Dungeon)

   [amulet of regeneration]

   Dex:       It affects your dexterity (-2).
   rElec:     It insulates you from electricity.
   rPois:     It protects you from poison.
   Regen:     It increases your rate of health regeneration.
   rCorr:     It protects you from acid and corrosion.
Wands
 m - a wand of roots (4)
Scrolls
 c - a scroll of fear {unknown}
 f - a scroll of acquirement {unknown}
 n - 2 scrolls of identify {unknown}
 o - a scroll of immolation {unknown}
 p - a scroll of enchant armour {unknown}
 q - 3 scrolls of teleportation {unknown}
Potions
 b - a potion of magic
 d - 3 potions of curing {unknown}
 e - 2 potions of might
 g - a potion of haste {unknown}
 h - a potion of mutation {unknown}
 k - a potion of attraction {unknown}


   Skills:
 - Level 2.4 Dodging
 - Level 1.4 Stealth
 + Level 4.4 Spellcasting
 - Level 1.2 Transmutations
 * Level 6.2 Earth Magic


You had 12 spell levels left.
You knew the following spells:

 Your Spells              Type           Power      Damage    Failure   Level
a - Sandblast             Erth           62%        2d14      1%          1

Your spell library contained the following spells:

 Spells                   Type           Power      Damage    Failure   Level
 Passwall                 Tmut/Erth      16%        N/A       3%          2
 Stone Arrow              Conj/Erth      34%        3d9       10%         3
 Petrify                  Tmut/Erth      20%        N/A       24%         4
 Iskenderun's Battlesphe  Conj           4%         2d6       97%         5
 Iron Shot                Conj/Erth      8%         9d3       99%         6
 Spellforged Servitor     Conj/Summ      2%         N/A       100%        7


Dungeon Overview and Level Annotations

Branches:
Dungeon (4/15) Zot: 1304   Temple (0/1) D:4

Altars:

Annotations:
D:4 Pikel


Innate Abilities, Weirdness & Mutations

You passively map a small area around you.
You are easily found by Zot.
You glow in the dark.
You regain HP and MP as you explore.


Message History

The lemure hits you. The lemure attacks as you move away!
The lemure closely misses you. The lemure attacks as you move away!
The lemure closely misses you. The lemure completely misses you.
The lemure attacks as you move away! The lemure hits you!
* * * LOW HITPOINT WARNING * * *
Aiming: Sandblast (safe; 1% risk of failure)
Press: ? - help, Q - select action, (/) - cycle Shift-Dir - straight line, f - Pikel
Aim: Pikel, wielding a +1 whip of flaming and wearing a +0 robe (80% to hit)
The blast of sand hits the lemure.
The lemure is lightly wounded.
The lemure hits you.
* * * LOW HITPOINT WARNING * * *
The lemure misses you.
Aiming: Sandblast (safe; 1% risk of failure)
Press: ? - help, Q - select action, (/) - cycle Shift-Dir - straight line, f/p - Pikel
Aim: Pikel, wielding a +1 whip of flaming and wearing a +0 robe (80% to hit)
The blast of sand hits the lemure.
The lemure is lightly wounded.
Unknown command.
Aiming: Sandblast (safe; 1% risk of failure)
Press: ? - help, Q - select action, (/) - cycle Shift-Dir - straight line, f/p - Pikel
Aim: Pikel, wielding a +1 whip of flaming and wearing a +0 robe (80% to hit)
The blast of sand hits Pikel!
Pikel is lightly wounded.
Pikel drinks a potion.
Pikel seems to grow stronger.
Unknown command.
Aiming: Sandblast (safe; 1% risk of failure)
Press: ? - help, Q - select action, (/) - cycle Shift-Dir - straight line, f/p - Pikel
Aim: Pikel, wielding a +1 whip of flaming and wearing a +0 robe (lightly wounded, strong, 80% to hit)
The blast of sand hits Pikel.
Pikel is moderately wounded.
Pikel hits you with a +1 whip of flaming!
* * * LOW HITPOINT WARNING * * *
Pikel burns you.
* * * LOW HITPOINT WARNING * * *
Pikel hits you with a +1 whip of flaming!
* * * LOW HITPOINT WARNING * * *
Pikel burns you.
You die...

# ###.## ##....#
##..# # ##..## #...##
#...# # ##..## #...##
##...# # ##..##
#....## ##..... #
#..##
#.###..###......
##.## ##.#
##.......... #..# #.#
#.....####. #..## #.#
##...## #. ##..## #@#
#...###### ##[.## #K#
##)......#. ##..##
#5## #..........
##..###55#
#.....###..
##..##..#####.....#
### *
##.<.....#.......###
# ,.##
#..5.......####...###
* ...#####...########
##..... * #........#
##....


You could see Pikel (strong) and 4 lemures.

Vanquished Creatures
  A phantom (D:4)
  An iguana (D:3)
  2 adders
  3 worms
  A dart slug (D:3)
  2 orcs (D:4)
  A bat (D:3)
  7 endoplasms
  A giant cockroach (D:4)
  4 goblins
  A hobgoblin (D:4)
  A quokka (D:2)
  2 ball pythons (D:1)
  2 frilled lizards (D:2)
  6 kobolds
  3 rats
38 creatures vanquished.

Notes
Turn   | Place    | Note
-------+----------+-------------------------------------------
     0 | D:1      | lunkers the Meteoran Earth Elementalist began the quest for
                  | the Orb.
     0 | D:1      | Reached XP level 1. HP: 14/14 MP: 5/5
   221 | D:1      | Reached XP level 2. HP: 20/20 MP: 3/6
   248 | D:2      | Reached skill level 4 in Earth Magic
   257 | D:1      | Reached XP level 3. HP: 12/26 MP: 1/8
   422 | D:2      | Identified the amulet of Uklimisa {rElec rPois Regen+ rCorr
                  | Dex-2}
   453 | D:3      | Reached XP level 4. HP: 33/33 MP: 7/10
   517 | D:3      | Reached skill level 5 in Earth Magic
   807 | D:4      | Noticed a phantom
   811 | D:4      | Killed a phantom
   812 | D:4      | Reached XP level 5. HP: 38/38 MP: 6/12
   895 | D:4      | Reached skill level 6 in Earth Magic
   967 | D:4      | Found a staircase to the Ecumenical Temple.
   972 | D:4      | Noticed a lemure
   972 | D:4      | Noticed a lemure
   976 | D:4      | Noticed a lemure
   979 | D:4      | Noticed Pikel
   986 | D:3      | Reached XP level 6. HP: 22/45 MP: 11/13
  1060 | D:4      | HP: 1/45 [Pikel/+1 whip of flaming (7)]
  1060 | D:4      | Slain by Pikel

Illustrated notes

Levels and vault maps discovered:
D:1:      minmay_arrival_semitransparent, layout_basic,
          dreamdust_ecumenical_altar_grove, fountainhead
D:2:      layout_rooms, minivault_25, uniq_sigmund
D:3:      layout_loops_cross, nrook_loot_triangle, nicolae_titane
D:4:      layout_layer_cave, minmay_temple_entry_mist,
          dilly_guarded_unrand_devastator, uniq_pikel, uniq_natasha

Skill      XL: |  1  2  3  4  5 |
---------------+----------------+-----
Earth Magic    | 4 5 6 |  6.2
Spellcasting   | 3 4 |  4.4
Dodging        | |  2.4
Stealth        | |  1.4
Transmutations | |  1.2

Action                     |  1- 3 |  4- 6 || total
---------------------------+-------+-------++-------
   Cast: Sandblast         |    28 |    29 ||    57
 Armour: Robe              |     4 |     2 ||     6
  Dodge: Dodged            |    11 |    11 ||    22

Table legend: (Time is in decaauts)
 A = Elapsed time spent in this place.
 B = Non-inter-level travel time spent in this place.
 C = Inter-level travel time spent in this place.
 D = Time resting spent in this place.
 E = Time spent auto-exploring this place.
 F = Levels seen in this place.
 G = Mean time per level.
                   A        B        C        D        E       F      G
               +--------+--------+--------+--------+--------+-----+--------+
         Total |   1094 |    987 |    107 |      0 |    718 |   4 |  273.5 |
       Dungeon |   1094 |    987 |    107 |      0 |    718 |   4 |  273.5 |
               +--------+--------+--------+--------+--------+-----+--------+

Top non-repeatable levels by time:
     D:3: 382 daAuts
     D:1: 326 daAuts
     D:4: 246 daAuts
     D:2: 138 daAuts
